| TOP OF THE 1ST |
|
Toledo Mud Hens batting - Pitching for Durham Bulls : RHP Jon Killen
|
|
Pitching: RHP Jon Killen
|
|
|
Batting: RHB Brady Jeleniewski
|
0-0: Fly out, F8 (Flyball, 89M, EV 83.1 MPH)
|
|
Batting: LHB Jamel Alexander
|
0-0: Ball 1-0: Ball 2-0: Ball 3-0: Called Strike 3-1: Foul Ball, location: 2F 3-2: SINGLE (Line Drive, 6M, EV 103.8 MPH)
|
|
Batting: RHB Tim Borden
|
0-0: Ball 1-0: Ball 2-0: Ball 3-0: Base on Balls Jamel Alexander to second
|
|
Batting: LHB Andy Schumacher
|
0-0: Ball 1-0: Foul Ball, location: 2F 1-1: SINGLE (Groundball, 3D, EV 101.3 MPH) Jamel Alexander to third Tim Borden to second Runner from 3rd tries for Home, SAFE, throw by RF to home
|
|
Batting: RHB Dave Calder
|
0-0: Ball 1-0: Ball 2-0: Called Strike 2-1: Grounds into double play, 6-4-3 (Groundball, 6, EV 98.8 MPH)
|
| Top of the 1st over - 1 run, 2 hits, 0 errors, 1 left on base; Toledo 1 - Durham 0 |
| BOTTOM OF THE 1ST |
|
Durham Bulls batting - Pitching for Toledo Mud Hens : LHP John McRight
|
|
Pitching: LHP John McRight
|
|
|
Batting: RHB Jesse Basich
|
0-0: Called Strike 0-1: Ball 1-1: Foul Ball, location: 2F 1-2: Foul Ball, location: 2F 1-2: Ball 2-2: Foul Ball, location: 2F 2-2: Ground out 5-3 (Groundball, 56S, EV 78.8 MPH)
|
|
Batting: RHB Danny Diaz
|
0-0: Ball 1-0: Ball 2-0: Ball 3-0: Called Strike 3-1: Swinging Strike 3-2: Strikes out swinging
|
|
Batting: LHB Austin Ohmer
|
0-0: Ball 1-0: Ball 2-0: Called Strike 2-1: Called Strike 2-2: Fly out, F7 (Flyball, 7LS, EV 87.5 MPH)
|
| Bottom of the 1st over - 0 runs, 0 hits, 0 errors, 0 left on base; Toledo 1 - Durham 0 |
| TOP OF THE 2ND |
|
Toledo Mud Hens batting - Pitching for Durham Bulls : RHP Jon Killen
|
|
Batting: SHB Jamie Roberts
|
0-0: Called Strike 0-1: Foul Ball, location: 2F 0-2: Ball 1-2: Strikes out swinging
|
|
Batting: SHB Jared Boyce
|
0-0: Ball 1-0: Ball 2-0: Foul Ball, location: 2F 2-1: Foul Ball, location: 2F 2-2: Foul Ball, location: 2F 2-2: Ground out 5-3 (Groundball, 5, EV 83.8 MPH)
|
|
Batting: RHB Casey Knutson
|
0-0: Foul Ball, location: 2F 0-1: DOUBLE (Line Drive, 89D, EV 100.6 MPH)
|
|
Batting: RHB Josh Stinnett
|
0-0: Ball 1-0: Called Strike 1-1: Ground out 3-1 (Groundball, 34, EV 104.4 MPH)
|
| Top of the 2nd over - 0 runs, 1 hit, 0 errors, 1 left on base; Toledo 1 - Durham 0 |
| BOTTOM OF THE 2ND |
|
Durham Bulls batting - Pitching for Toledo Mud Hens : LHP John McRight
|
|
Batting: SHB Hans Mikkelsen
|
0-0: Ball 1-0: Ball 2-0: Foul Ball, location: 2F 2-1: Fly out, F6 (Popup, 6M, EV 78.8 MPH)
|
|
Batting: SHB Soudai Abe
|
0-0: Called Strike 0-1: Ball 1-1: Foul Ball, location: 2F 1-2: Ball 2-2: Foul Ball, location: 2F 2-2: Strikes out swinging
|
|
Batting: SHB Ben Pierce
|
0-0: Ball 1-0: Ball 2-0: Fly out, F9 (Flyball, 9, EV 80.0 MPH)
|
| Bottom of the 2nd over - 0 runs, 0 hits, 0 errors, 0 left on base; Toledo 1 - Durham 0 |
| TOP OF THE 3RD |
|
Toledo Mud Hens batting - Pitching for Durham Bulls : RHP Jon Killen
|
|
Batting: RHB Brady Jeleniewski
|
0-0: Ball 1-0: Ball 2-0: Called Strike 2-1: Foul Ball, location: 2F 2-2: Ball 3-2: SINGLE (Groundball, 4MD, EV 101.9 MPH) (infield hit)
|
|
Batting: LHB Jamel Alexander
|
0-0: Called Strike 0-1: Ball 1-1: Swinging Strike 1-2: Foul Ball, location: 2F 1-2: Foul Ball, location: 2F 1-2: Reached on error, E5 (Groundball, 5, EV 85.6 MPH) Brady Jeleniewski to third
|
|
Batting: RHB Tim Borden
|
0-0: Ball 1-0: Ground out 1-3 (Groundball, 34S, EV 68.1 MPH)
|
|
Batting: LHB Andy Schumacher
|
0-0: Called Strike 0-1: Foul Ball, location: 2F 0-2: Ground out 4-3 (Groundball, 34, EV 80.0 MPH) Brady Jeleniewski scores Jamel Alexander to third
|
|
Batting: RHB Dave Calder
|
0-0: Ball 1-0: Ball 2-0: Foul Ball, location: 2F 2-1: Foul Ball, location: 2F 2-2: Ground out 5-3 (Groundball, 56S, EV 66.9 MPH)
|
| Top of the 3rd over - 1 run, 1 hit, 1 error, 1 left on base; Toledo 2 - Durham 0 |
| BOTTOM OF THE 3RD |
|
Durham Bulls batting - Pitching for Toledo Mud Hens : LHP John McRight
|
|
Batting: LHB Robin More
|
0-0: Ball 1-0: Called Strike 1-1: Called Strike 1-2: Strikes out swinging
|
|
Batting: LHB Brian Hollinger
|
0-0: Foul Ball, location: 2F 0-1: Foul Ball, location: 2F 0-2: Strikes out swinging
|
|
Batting: LHB Danny Hull
|
0-0: Fly out, F7 (Flyball, 7LS, EV 86.9 MPH)
|
| Bottom of the 3rd over - 0 runs, 0 hits, 0 errors, 0 left on base; Toledo 2 - Durham 0 |
| TOP OF THE 4TH |
|
Toledo Mud Hens batting - Pitching for Durham Bulls : RHP Jon Killen
|
|
Batting: SHB Jamie Roberts
|
0-0: Swinging Strike 0-1: Swinging Strike 0-2: Foul Ball, location: 2F 0-2: Ball 1-2: Ball 2-2: Ground out 6-3 (Groundball, 6MD, EV 105.6 MPH)
|
|
Batting: SHB Jared Boyce
|
0-0: Called Strike 0-1: Ball 1-1: SINGLE (Line Drive, 89S, EV 98.8 MPH)
|
|
Batting: RHB Casey Knutson
|
0-0: Ball 1-0: Foul Ball, location: 2F 1-1: Fly out, F8 (Flyball, 89D, EV 106.9 MPH)
|
|
Batting: RHB Josh Stinnett
|
0-0: SINGLE (Groundball, 13S, EV 70.6 MPH) (infield hit) Jared Boyce to second
|
|
Batting: RHB Brady Jeleniewski
|
0-0: Ball 1-0: Called Strike 1-1: Called Strike 1-2: SINGLE (Groundball, 34D, EV 99.4 MPH) Jared Boyce to third Josh Stinnett to second Runner from 3rd tries for Home, SAFE, throw by RF to home
|
|
Batting: LHB Jamel Alexander
|
0-0: Ball 1-0: Foul Ball, location: 2F 1-1: Called Strike 1-2: Ball 2-2: Fielders Choice at 2nd, 6-4 (Groundball, 6, EV 85.6 MPH)
|
| Top of the 4th over - 1 run, 3 hits, 0 errors, 2 left on base; Toledo 3 - Durham 0 |
| BOTTOM OF THE 4TH |
|
Durham Bulls batting - Pitching for Toledo Mud Hens : LHP John McRight
|
|
Batting: RHB Jesse Basich
|
0-0: Called Strike 0-1: Called Strike 0-2: SINGLE (Flyball, 8LS, EV 96.9 MPH)
|
|
Batting: RHB Danny Diaz
|
0-0: Ball 1-0: Ball 2-0: Called Strike 2-1: Fielders Choice at 2nd, 5-4 (Groundball, 56S, EV 87.5 MPH)
|
|
Batting: LHB Austin Ohmer
|
Pickoff Throw to First - Out! 1-3 0-0: Ground out 6-3 (Groundball, 6, EV 78.8 MPH)
|
| Bottom of the 4th over - 0 runs, 1 hit, 0 errors, 0 left on base; Toledo 3 - Durham 0 |
| TOP OF THE 5TH |
|
Toledo Mud Hens batting - Pitching for Durham Bulls : RHP Jon Killen
|
|
Batting: RHB Tim Borden
|
0-0: Ball 1-0: Foul Ball, location: 2F 1-1: Ball 2-1: Called Strike 2-2: Foul Ball, location: 2F 2-2: Ball 3-2: Ground out 6-3 (Groundball, 6, EV 90.6 MPH)
|
|
Batting: LHB Andy Schumacher
|
0-0: Foul Ball, location: 2F 0-1: SOLO HOME RUN (Flyball, 7D, EV 98.8 MPH), Distance : 366 ft
|
|
Batting: RHB Dave Calder
|
0-0: SINGLE (Groundball, 4MD, EV 103.1 MPH)
|
|
Batting: SHB Jamie Roberts
|
0-0: Ball 1-0: Ball 2-0: Fly out, F8 (Flyball, 78XD, EV 87.5 MPH)
|
|
Batting: SHB Jared Boyce
|
0-0: Ball 1-0: Called Strike 1-1: Swinging Strike 1-2: DOUBLE (Flyball, 78D, EV 93.1 MPH) Dave Calder to third
|
|
Batting: RHB Casey Knutson
|
0-0: Ball 1-0: Ball 2-0: Foul Ball, location: 2F 2-1: Ground out 6-3 (Groundball, 6, EV 98.8 MPH)
|
| Top of the 5th over - 1 run, 3 hits, 0 errors, 2 left on base; Toledo 4 - Durham 0 |
| BOTTOM OF THE 5TH |
|
Durham Bulls batting - Pitching for Toledo Mud Hens : LHP John McRight
|
|
Batting: SHB Hans Mikkelsen
|
0-0: Fly out, F9 (Flyball, 8RM, EV 86.9 MPH)
|
|
Batting: SHB Soudai Abe
|
0-0: Ball 1-0: Fly out, F9 (Line Drive, 9D, EV 84.4 MPH)
|
|
Batting: SHB Ben Pierce
|
0-0: Called Strike 0-1: Called Strike 0-2: Ball 1-2: Foul Ball, location: 2F 1-2: Ball 2-2: SINGLE (Groundball, 6MD, EV 100.0 MPH)
|
|
Batting: LHB Robin More
|
0-0: Ball 1-0: SINGLE (Groundball, 6MD, EV 103.8 MPH) Ben Pierce to second
|
|
Batting: LHB Brian Hollinger
|
0-0: Foul Ball, location: 2F 0-1: Ball 1-1: Swinging Strike 1-2: Ground out 4-3 (Groundball, 4, EV 98.1 MPH)
|
| Bottom of the 5th over - 0 runs, 2 hits, 0 errors, 2 left on base; Toledo 4 - Durham 0 |
| TOP OF THE 6TH |
|
Toledo Mud Hens batting - Pitching for Durham Bulls : RHP Jon Killen
|
|
Pitching: RHP Dumadi Kawilarang
|
|
|
Batting: RHB Josh Stinnett
|
0-0: SINGLE (Groundball, 6MD, EV 100.0 MPH) (infield hit)
|
|
Batting: RHB Brady Jeleniewski
|
0-0: Swinging Strike 0-1: Ball 1-1: Ball 2-1: Foul Ball, location: 2F 2-2: Strikes out swinging
|
|
Batting: LHB Jamel Alexander
|
0-0: Fly out, F9 (Line Drive, 9, EV 91.9 MPH)
|
|
Batting: RHB Tim Borden
|
0-0: Fielders Choice at 2nd, 6-4 (Groundball, 6D, EV 89.4 MPH)
|
| Top of the 6th over - 0 runs, 1 hit, 0 errors, 1 left on base; Toledo 4 - Durham 0 |
| BOTTOM OF THE 6TH |
|
Durham Bulls batting - Pitching for Toledo Mud Hens : LHP John McRight
|
|
Batting: LHB Danny Hull
|
0-0: Ball 1-0: Called Strike 1-1: Ball 2-1: Foul Ball, location: 2F 2-2: SINGLE (Groundball, 3D, EV 107.5 MPH)
|
|
Batting: RHB Jesse Basich
|
0-0: Called Strike 0-1: Called Strike 0-2: Ball Danny Hull steals 2nd base 1-2: Strikes out swinging
|
|
Pitching: RHP Will Lane
|
|
|
Batting: RHB Danny Diaz
|
0-0: Ball 1-0: Called Strike 1-1: DOUBLE (Flyball, 78D, EV 101.9 MPH) Danny Hull scores
|
|
Batting: LHB Austin Ohmer
|
0-0: Called Strike Danny Diaz steals 3rd base 0-1: Ball 1-1: Called Strike 1-2: Ball 2-2: Ground out 4-3 (Groundball, 4, EV 90.0 MPH) Danny Diaz scores
|
|
Batting: SHB Hans Mikkelsen
|
0-0: Called Strike 0-1: DOUBLE (Line Drive, 9LD, EV 103.8 MPH)
|
|
Batting: SHB Soudai Abe
|
0-0: Ball 1-0: Ball 2-0: Ball 3-0: Foul Ball, location: 2F 3-1: Base on Balls
|
|
Batting: SHB Ben Pierce
|
0-0: Swinging Strike 0-1: Ball 1-1: Ball 2-1: Foul Ball, location: 2F 2-2: Fielders Choice at 2nd, 5-4 (Groundball, 5, EV 84.4 MPH)
|
| Bottom of the 6th over - 2 runs, 3 hits, 0 errors, 2 left on base; Toledo 4 - Durham 2 |
| TOP OF THE 7TH |
|
Toledo Mud Hens batting - Pitching for Durham Bulls : RHP Dumadi Kawilarang
|
|
Batting: LHB Andy Schumacher
|
0-0: Called Strike 0-1: Ground out 4-3 (Groundball, 4M, EV 83.8 MPH)
|
|
Batting: RHB Dave Calder
|
0-0: Foul Ball, location: 2F 0-1: Called Strike 0-2: Ground out 4-3 (Groundball, 4, EV 85.0 MPH)
|
|
Batting: SHB Jamie Roberts
|
0-0: Called Strike 0-1: Ball 1-1: Ball 2-1: Ground out 5-3 (Groundball, 5, EV 82.5 MPH)
|
| Top of the 7th over - 0 runs, 0 hits, 0 errors, 0 left on base; Toledo 4 - Durham 2 |
| BOTTOM OF THE 7TH |
|
Durham Bulls batting - Pitching for Toledo Mud Hens : RHP Will Lane
|
|
Pitching: RHP Dave Zerphey
|
|
|
Batting: LHB Robin More
|
0-0: Ball 1-0: Called Strike 1-1: Ball 2-1: DOUBLE (Flyball, 8LXD, EV 97.5 MPH)
|
|
Batting: LHB Brian Hollinger
|
0-0: Ball 1-0: Ball 2-0: Ball 3-0: Called Strike 3-1: Ground out 5-3 (Groundball, 56, EV 82.5 MPH)
|
|
Batting: LHB Danny Hull
|
0-0: Ball 1-0: Swinging Strike 1-1: SINGLE (Line Drive, 6M, EV 96.3 MPH) Robin More to third Runner from 3rd tries for Home, SAFE, throw by CF to home Danny Hull to second
|
|
Batting: RHB Jesse Basich
|
0-0: Ball 1-0: Ball 2-0: Ball 3-0: Called Strike 3-1: Ground out U3 (Groundball, 3, EV 83.8 MPH) Danny Hull to third
|
|
Batting: RHB Danny Diaz
|
0-0: Swinging Strike 0-1: Ball 1-1: Ball 2-1: Ground out 4-3 (Groundball, 4S, EV 89.4 MPH)
|
| Bottom of the 7th over - 1 run, 2 hits, 0 errors, 1 left on base; Toledo 4 - Durham 3 |
| TOP OF THE 8TH |
|
Toledo Mud Hens batting - Pitching for Durham Bulls : RHP Dumadi Kawilarang
|
|
Batting: SHB Jared Boyce
|
0-0: Ball 1-0: Fly out, F8 (Flyball, 8RD, EV 98.1 MPH)
|
|
Batting: RHB Casey Knutson
|
0-0: Ball 1-0: Ball 2-0: Called Strike 2-1: Called Strike 2-2: Foul Ball, location: 2F 2-2: Ground out 6-3 (Groundball, 56, EV 78.8 MPH)
|
|
Batting: RHB Josh Stinnett
|
0-0: Ball 1-0: Ball 2-0: Foul Ball, location: 2F 2-1: Foul Ball, location: 2F 2-2: DOUBLE (Line Drive, 89M, EV 106.9 MPH)
|
|
Batting: RHB Brady Jeleniewski
|
0-0: Ball 1-0: Swinging Strike 1-1: Fly out, F2 (Popup, 23F, EV 86.3 MPH)
|
| Top of the 8th over - 0 runs, 1 hit, 0 errors, 1 left on base; Toledo 4 - Durham 3 |
| BOTTOM OF THE 8TH |
|
Durham Bulls batting - Pitching for Toledo Mud Hens : RHP Dave Zerphey
|
|
Pitching: RHP Ken Howington
|
|
|
Batting: LHB Austin Ohmer
|
0-0: Ball 1-0: Ball 2-0: Foul Ball, location: 2F 2-1: Ball 3-1: Base on Balls
|
|
Batting: SHB Hans Mikkelsen
|
0-0: SINGLE (Groundball, 4D, EV 111.3 MPH) Austin Ohmer to second Runner from 2nd tries for 3rd, SAFE, throw by RF made to third
|
|
Batting: SHB Soudai Abe
|
0-0: Ball 1-0: Ball 2-0: Called Strike 2-1: Swinging Strike 2-2: Fly out, F7 (Flyball, 78D, EV 101.9 MPH) Runner from 3rd tags up, SCORES, throw by LF
|
|
Batting: SHB Ben Pierce
|
0-0: Foul Ball, location: 2F 0-1: Called Strike 0-2: Foul Ball, location: 2F 0-2: Ball 1-2: SINGLE (Groundball, 34, EV 102.5 MPH) Hans Mikkelsen to second Runner from 2nd tries for 3rd, SAFE, throw by RF made to third
|
|
Batting: LHB Robin More
|
0-0: Foul Ball, location: 2F 0-1: Swinging Strike 0-2: Strikes out looking
|
|
Batting: LHB Brian Hollinger
|
0-0: Swinging Strike 0-1: Ball 1-1: 3-RUN HOME RUN (Flyball, 78XD, EV 106.3 MPH), Distance : 417 ft
|
|
Pitching: RHP Alexis Priego
|
|
|
Batting: LHB Danny Hull
|
0-0: Fly out, F9 (Flyball, 89D, EV 110.0 MPH)
|
| Bottom of the 8th over - 4 runs, 3 hits, 0 errors, 0 left on base; Toledo 4 - Durham 7 |
| TOP OF THE 9TH |
|
Toledo Mud Hens batting - Pitching for Durham Bulls : RHP Dumadi Kawilarang
|
|
Pitching: RHP Justin Stone
|
|
|
Batting: LHB Jamel Alexander
|
0-0: Fly out, F9 (Flyball, 89M, EV 89.4 MPH)
|
|
Batting: RHB Tim Borden
|
0-0: Ball 1-0: Ball 2-0: Called Strike 2-1: Foul Ball, location: 2F 2-2: Foul Ball, location: 2F 2-2: Fly out, F8 (Flyball, 8LXD, EV 101.3 MPH)
|
|
Batting: LHB Andy Schumacher
|
0-0: Ball 1-0: Called Strike 1-1: Ball 2-1: Ground out 4-3 (Groundball, 4, EV 88.8 MPH)
|
| Top of the 9th over - 0 runs, 0 hits, 0 errors, 0 left on base; Toledo 4 - Durham 7 |
|